 Dungeon Crawl Stone Soup version 0.30.1-3-gfc49f6343a (webtiles) character file.

Game seed: 3093836872905056236

108091 Zeor the Tortoise (level 16, 0/108 HPs)
             Began as a Gargoyle Gladiator on Aug 8, 2023.
             Was the Champion of Zin.
             Slain by a seven-headed hydra (7 damage)
             ... called by a spriggan druid
             ... on level 1 of the Swamp on Aug 9, 2023.
             The game lasted 02:00:04 (25549 turns).

Zeor the Tortoise (Gargoyle Gladiator)             Turns: 25549, Time: 02:00:06

Health: 0/108      AC: 43    Str: 29    XL:     16   Next: 48%
Magic:  17/28      EV: 10    Int:  9    God:    Zin [******]
Gold:   2189       SH:  0    Dex: 11    Spells: 15/15 levels left

rFire   + . .        a - +10 morningstar "Eos" {elec, Halo rElec}
rCold   + + +        (no shield)
rNeg    + . .        S - +3 plate armour {rF+}
rPois   ∞            q - +0 hat "Ubeanat" {Will+ rCorr}
rElec   +            v - +2 cloak
rCorr   +            u - +2 pair of gloves {infuse}
SInv    .            R - +1 pair of boots of the Okapi {rC+++ Will+ Str-3 Int-4}
Will    +++..        (no amulet) Stlth
                     n - +4 ring of slaying
HPRegen 0.38/turn    c - ring of Immorality {Str+6 Int+4}
MPRegen 0.21/turn

%: clarity, infuse magic (1 MP)
@: on recite cooldown, flying, glowing, studying Staves
A: sickness immunity, AC +12, big wings, negative energy resistance 1,
electricity resistance, torment resistance 1, petrification resistance, clarity
a: Renounce Religion, Recite, Vitalisation, Imprison, Sanctuary, Donate Gold


You were on level 1 of the Swamp.
You worshipped Zin.
Zin was exalted by your worship.
You visited 4 branches of the dungeon, and saw 23 of its levels.
You also visited: Bailey, Gauntlet, Ice Cave and Volcano.

You collected 4166 gold pieces.
You spent 1671 gold pieces at shops.
You donated 306 gold pieces to Zin.

Inventory:

Hand Weapons
 a - the +10 morningstar "Eos" (weapon) {elec, Halo rElec}
   (You found it on level 5 of the Dungeon)

   Halo:      It grants its wielder a halo, revealing invisible creatures and
   increasing accuracy against all within it other than the wielder.
   rElec:     It insulates you from electricity.
 b - a +0 lajatang of flaming
 w - a +3 quarterstaff of freezing
Missiles
 d - 2 throwing nets (quivered)
 z - 30 poisoned darts
 T - 5 curare-tipped darts
 X - 9 silver javelins
Armour
 q - the +0 hat "Ubeanat" (worn) {Will+ rCorr}
   (You found it in a Gauntlet)

   rCorr:     It protects you from acid and corrosion.
   Will:      It increases your willpower.
 u - a +2 pair of gloves of infusion (worn)
 v - a +2 cloak (worn)
 J - a +2 scale mail of fire resistance
 R - the +1 pair of boots of the Okapi (worn) {rC+++ Will+ Str-3 Int-4}
   (You found it in a volcano)

   Str:       It affects your strength (-3).
   Int:       It affects your intelligence (-4).
   rC:        It renders you almost immune to cold.
   Will:      It increases your willpower.
 S - a +3 plate armour of fire resistance (worn)
Jewellery
 c - the ring of Immorality (right hand) {Str+6 Int+4}
   (You found it in a Gauntlet)

   [ring of strength]

   Str:       It affects your strength (+6).
   Int:       It affects your intelligence (+4).
 n - a +4 ring of slaying (left hand)
 x - the ring of Eniammecs {rC- Will++ rCorr Int+6}
   (You found it in an ice cave)

   [ring of intelligence]

   Int:       It affects your intelligence (+6).
   rC:        It makes you vulnerable to cold.
   rCorr:     It protects you from acid and corrosion.
   Will:      It greatly increases your willpower.
 y - a ring of fire
 C - the ring "Oskij" {rPois Will+ Str-2 Int+3 Dex+3}
   (You found it on level 13 of the Dungeon)

   [ring of willpower]

   Str:       It affects your strength (-2).
   Int:       It affects your intelligence (+3).
   Dex:       It affects your dexterity (+3).
   rPois:     It protects you from poison.
   Will:      It increases your willpower.
Wands
 r - a wand of iceblast (45)
 A - a wand of light (11)
 E - a wand of flame (12)
 O - a wand of mindburst (21)
 Y - a wand of paralysis (13)
Scrolls
 f - 6 scrolls of blinking
 h - 2 scrolls of fog
 k - 4 scrolls of vulnerability
 m - 9 scrolls of teleportation
 o - a scroll of silence
 s - 2 scrolls of magic mapping
 t - 4 scrolls of poison
 G - 6 scrolls of fear
 K - 2 scrolls of enchant armour
 N - 2 scrolls of identify
 U - 2 scrolls of summoning
 V - 3 scrolls of immolation
 W - 5 scrolls of enchant weapon
Potions
 e - 3 potions of resistance
 g - 2 potions of berserk rage
 i - 12 potions of curing
 j - 6 potions of mutation
 l - 5 potions of attraction
 p - 4 potions of heal wounds
 B - 5 potions of might
 D - 4 potions of invisibility
 H - 5 potions of cancellation
 I - 4 potions of haste
 P - 2 potions of ambrosia
 Q - a potion of magic
Miscellaneous
 F - a lightning rod (4/4)


   Skills:
 + Level 15.2 Fighting
 - Level 15.7(16.9) Maces & Flails
 - Level 10.5(14.3) Staves
 * Level 5.1 Throwing
 + Level 17.7 Armour
 + Level 3.8 Dodging
 - Level 2.1 Stealth
 * Level 17.3 Invocations


You had 15 spell levels left.
You didn't know any spells.
Your spell library contained the following spells:

 Spells                   Type           Power      Damage    Failure   Level
 Kiss of Death            Conj/Necr      0%         2d5       89%         1
 Wereblood                Tmut           0%         N/A       96%         2
 Call Canine Familiar     Summ           0%         N/A       99%         3
 Confusing Touch          Hex            0%         N/A       99%         3
 Dazzling Flash           Conj/Hex       0%         N/A       99%         3
 Ignite Poison            Fire/Tmut/Pois 0%         N/A       99%         3
 Portal Projectile        Hex/Tloc       0%         N/A       99%         3
 Tukima's Dance           Hex            0%         N/A       99%         3
 Animate Armour           Summ/Erth      0%         N/A       100%        4
 Dispel Undead            Necr           0%         3d6       100%        4
 Leda's Liquefaction      Hex/Erth       0%         N/A       100%        4
 Passage of Golubria      Tloc           0%         N/A       100%        4
 Petrify                  Tmut/Erth      0%         N/A       100%        4
 Sticky Flame             Conj/Fire      0%         2d3       100%        4
 Agony                    Necr           0%         N/A       100%        5
 Blade Hands              Tmut           0%         N/A       100%        5
 Metabolic Englaciation   Hex/Ice        0%         N/A       100%        5
 Silence                  Hex/Air        0%         N/A       100%        5
 Yara's Violent Unravell  Hex/Tmut       0%         3d3       100%        5
 Conjure Ball Lightning   Conj/Air       0%         3x3d6     100%        6
 Iron Shot                Conj/Erth      0%         9d1       100%        6
 Summon Hydra             Summ           0%         N/A       100%        7
 Discord                  Hex            0%         N/A       100%        8
 Disjunction              Tloc           0%         N/A       100%        8
 Ignition                 Fire           0%         3d3       100%        8
 Sublimation of Blood     Necr           Unusable   N/A       N/A         2
 Statue Form              Tmut/Erth      Unusable   N/A       N/A         6

Dungeon Overview and Level Annotations

Branches:
Dungeon (15/15)            Temple (0/1) D:6            Lair (5/5) D:8
  Swamp (1/4) Lair:3       Spider (0/4) Lair:2        Slime (0/5) Lair:4
    Orc (2/2) D:10            Elf (0/3) Orc:2        Vaults (0/5) D:14
 Depths (0/4) D:15         Bailey (visited)           IceCv (visited)
Volcano (visited)         Gauntlet (visited)

Altars:
Dithmenos
Elyvilon
Kikubaaqudgha
Ru
Vehumet
Wu Jian
Zin
Jiyva

Shops:
D:7 (   Orc:2 ?*[(

Annotations:
D:11 3 runed translucent doors, TrollFarmer's ghost, journeyman MiFi


Innate Abilities, Weirdness & Mutations

You are immune to sickness and miasma.
Your stone body is resilient. (AC +12)
You are immune to poison.
Your large and strong wings let you fly.
You resist negative energy. (rN+)
You are resistant to electric shocks. (rElec)
You are resistant to unholy torment.
You are immune to petrification.
You possess an exceptional clarity of mind.


Message History

The swamp worm bites you but does no damage.
You impale the swamp worm!!
The swamp worm is almost dead.
The goliath frog completely misses you. The swamp worm misses you.
The spriggan druid is engulfed in freezing vapours.
You impale the swamp worm!!
You kill the swamp worm!
The spriggan druid is no longer dazed.
The goliath frog closely misses you.
You sock the spriggan druid!
The spriggan druid is heavily wounded.
The spriggan druid hits you but does no damage.
Space warps horribly around you!
The goliath frog hits you but does no damage.
You spit the spriggan druid like a pig!!!
Lightning courses through the spriggan druid!
With its final breath, the spriggan druid offers up its power to the beasts of the wild!
The goliath frog seems to grow more fierce.
The seven-headed hydra seems to grow more fierce.
You kill the spriggan druid!
The goliath frog hits you from afar!
You are splashed with acid.
You resist.
You impale the seven-headed hydra!!
The seven-headed hydra is moderately wounded.
The seven-headed hydra bites you! The seven-headed hydra bites you.
The seven-headed hydra barely misses you. x2
The seven-headed hydra bites you but does no damage. x2
The seven-headed hydra barely misses you.
You bludgeon the seven-headed hydra!!
The seven-headed hydra is severely wounded.
The goliath frog hits you from afar!
You are splashed with acid.
You resist.
The bog body points at you and mumbles some strange words.
The bolt of cold hits you! You resist.
The seven-headed hydra closely misses you.
The seven-headed hydra bites you!
* * * LOW HITPOINT WARNING * * *
The seven-headed hydra bites you but does no damage.
The seven-headed hydra bites you!!
* * * LOW HITPOINT WARNING * * *
The seven-headed hydra bites you but does no damage.
The seven-headed hydra bites you!
You die...

♣∙~~~~∙∙∙~~~♣♣∙∙∙∙∙∙∙∙
♣∙~~~∙∙∙~~~∙∙∙∙∙∙∙~~∙∙
♣~~~∙∙∙♣♣♣~∙∙~∙∙∙~~~#>
♣~∙~~∙∙♣♣∙∙∙∙∙∙~∙~~~∙∙
♣♣∙~~∙∙~∙~~~∙~~~~~#~~~
♣~<∙∙∙∙~~~~~~~~~~∙∙~~
♣∙∙∙∙∙∙~~~~∙∙F~#~∙∙~∙
♣∙~~∙∙~~~~∙∙∙∙#∙~∙∙∙♣ ♣
♣~~~∙∙~~~○∙∙∙9n∙~∙∙~∙∙♣
♣~∙~~∙~~~~∙∙~∙D∙~∙♣♣∙~♣
♣♣♣♣~∙~~∙∙>~∙∙♣$∙∙∙~♣
♣∙~#∙∙∙∙∙~♣♣♣♣~°°∙∙∙∙∙♣
∙~~~∙∙~~♣∙ ♣~∙~~~~∙∙~
#∙∙~♣♣∙ ~♣∙∙~#~∙∙∙ ~∙∙∙
~~ ~∙∙♣~∙~~~~∙ ∙∙∙ ♣#
~∙∙# ~∙∙~~#~ ~~∙ ~
♣∙∙~~~~


You could see a seven-headed hydra (strong), a goliath frog (strong) and a bog
body.

Vanquished Creatures
  2 orc warlords
  A reaper (IceCv)
  Azrael (D:12)
  A minotaur (Gauntlet)
  2 fire dragons
  6 hydras
  Fannar (D:10)
  An ice dragon (D:15)
  An ogre mage (D:15)
  A catoblepas (Lair:3)
  6 boulder beetles
  5 centaur warriors
  3 dancing weapons
  5 two-headed ogres
  16 death yaks
  An orc high priest (Orc:2)
  Lodul (D:12)
  A pharaoh ant (Lair:2)
  2 skysharks
  5 skeletal warriors (D:14)
  A swamp dragon (Swamp:1)
  A spriggan druid (Swamp:1)
  An obsidian statue (D:13)
  6 wizards
  5 orc knights
  3 lindwurms
  A deep elf pyromancer (D:12)
  6 ugly things
  2 manticores
  6 orc sorcerers
  A cyclops (Orc:1)
  A will-o-the-wisp (Swamp:1)
  A moth of wrath (Gauntlet)
  5 toenail golems (Volcano)
  An ice statue (IceCv)
  4 black mambas
  2 gargoyles
  5 torpor snails (Lair:5)
  An unseen horror (D:13)
  15 cane toads
  17 komodo dragons
  Psyche (D:12)
  2 rime drakes (Lair:5)
  A tengu conjurer (D:14)
  An efreet (Gauntlet)
  2 anaconda simulacra (IceCv)
  3 burning bushes (Lair:1)
  3 meliai (D:13)
  5 trolls
  11 polar bears
  3 ice devils
  8 hornets
  4 tyrant leeches
  9 blink frogs
  2 tarantellas (Lair:2)
  4 centaur simulacra (D:12)
  A culicivora (shapeshifter) (D:14)
  6 slime creatures
  2 vampires
  A spriggan (shapeshifter) (D:14)
  45 yaks
  2 water elementals (D:13)
  A shadow (D:10)
  3 wraiths
  5 fire elementals
  3 basilisks
  2 dire elephant simulacra (IceCv)
  3 wyverns
  4 vampire mosquitoes
  6 small abominations (Gauntlet)
  A redback (Lair:2)
  4 death yak simulacra (IceCv)
  A steam dragon (D:7)
  4 wargs
  2 harpy simulacra (IceCv)
  2 large abominations (Gauntlet)
  A hydra simulacrum (IceCv)
  4 swamp worms
  Edmund (D:5)
  16 water moccasins
  3 acid dragons
  6 hell hounds
  Duvessa (D:5)
  6 ice beasts
  4 sky beasts
  33 orc warriors
  4 black bears
  14 ogres
  A boggart (D:14)
  15 wolves
  7 centaurs
  3 kobold brigands
  2 phantoms
  3 cane toad simulacra (IceCv)
  15 bullfrogs
  3 scorpions
  2 gnoll sergeants
  5 two-headed ogre simulacra (IceCv)
  6 wights
  Dowan (D:5)
  15 killer bees
  2 elephant simulacra (IceCv)
  8 howler monkeys
  7 electric eels
  A gnoll bouda (D:8)
  7 jellies
  Crazy Yiuf (D:5)
  27 orc priests
  3 hounds
  2 iguanas
  3 sleepcaps
  22 orc wizards
  2 spriggan simulacra (IceCv)
  Natasha (thrice) (D:2)
  6 troll simulacra (IceCv)
  21 gnolls
  7 adders
  5 naga simulacra (IceCv)
  11 white imps
  11 ufetubi
  2 dart slugs (D:1)
  114 orcs
  7 endoplasms
  3 giant cockroaches
  8 goblins
  6 hobgoblins
  10 jackals
  3 quokkas
  4 ball pythons
  5 bats
  5 frilled lizards
  19 kobolds
  3 rats (D:2)
813 creatures vanquished.

Vanquished Creatures (others)
  A bloated husk (Swamp:1)
  A quokka (D:9)
  6 foxfires (Swamp:1)
8 creatures vanquished.

Grand Total: 821 creatures vanquished

Notes
Turn   | Place    | Note
-------+----------+-------------------------------------------
     0 | D:1      | Zeor the Gargoyle Gladiator began the quest for the Orb.
     0 | D:1      | Reached XP level 1. HP: 12/12 MP: 1/1
   110 | D:1      | Reached XP level 2. HP: 13/17 MP: 2/2
   348 | D:1      | Reached XP level 3. HP: 20/22 MP: 3/3
  1014 | D:2      | Noticed Natasha
  1025 | D:2      | Killed Natasha
  1026 | D:2      | Reached XP level 4. HP: 25/27 MP: 4/4
  1328 | D:2      | Noticed Natasha
  1336 | D:2      | Killed Natasha
  1337 | D:2      | Reached skill level 1 in Armour
  1561 | D:2      | Noticed Natasha
  1572 | D:2      | Killed Natasha
  1573 | D:2      | Reached XP level 5. HP: 30/32 MP: 5/5
  1662 | D:3      | Reached skill level 5 in Staves
  1700 | D:3      | Identified a scroll of acquirement
  1700 | D:3      | Acquired a manual of Staves
  2063 | D:3      | Noticed a black bear
  2073 | D:3      | Killed a black bear
  2074 | D:3      | Reached XP level 6. HP: 32/37 MP: 6/6
  2156 | D:3      | Found a radiant altar of Vehumet.
  3061 | D:4      | Found a glowing silver altar of Zin.
  3189 | D:4      | Became a worshipper of Zin the Law-Giver
  3189 | D:4      | Reached * piety under Zin
  3228 | D:5      | Entered Level 5 of the Dungeon
  3379 | D:5      | Noticed Edmund
  3399 | D:5      | Gained mutation: You possess an exceptional clarity of
                  | mind. [potion of mutation]
  3407 | D:5      | Killed Edmund
  3408 | D:5      | Reached skill level 1 in Invocations
  3408 | D:5      | Reached XP level 7. HP: 41/43 MP: 7/7
  3552 | D:5      | Donated 85 gold pieces to Zin
  3609 | D:5      | Found a runed translucent door.
  3610 | D:5      | Noticed Crazy Yiuf
  3629 | D:5      | Noticed Dowan
  3630 | D:5      | Noticed Duvessa
  3639 | D:5      | Killed Duvessa
  3644 | D:5      | Killed Dowan
  3724 | D:5      | Found a shadowy altar of Dithmenos.
  3731 | D:5      | Found the +10 morningstar "Eos" {elec, Halo rElec}
  4277 | D:5      | Killed Crazy Yiuf
  4278 | D:5      | Reached XP level 8. HP: 48/48 MP: 9/9
  4391 | D:6      | Reached ** piety under Zin
  4488 | D:6      | Reached skill level 1 in Maces & Flails
  4520 | D:6      | Found a staircase to the Ecumenical Temple.
  4700 | D:6      | Reached skill level 1 in Stealth
  4802 | D:6      | Reached skill level 5 in Fighting
  4843 | D:6      | Reached XP level 9. HP: 54/54 MP: 12/12
  4929 | D:6      | Reached skill level 5 in Maces & Flails
  5155 | D:7      | Found Jituefik's Hydra Hut.
  5165 | D:7      | Noticed a boulder beetle
  5183 | D:7      | Killed a boulder beetle
  5183 | D:7      | Noticed a hornet
  5186 | D:7      | Killed a hornet
  5207 | D:7      | Noticed a six-headed hydra
  5242 | D:7      | Noticed a hornet
  5250 | D:7      | Killed a hornet
  5259 | D:7      | Found a flagged portal.
  5297 | Bailey   | Entered a bailey
  5475 | Bailey   | Noticed an orc knight
  5487 | Bailey   | Killed an orc knight
  5488 | Bailey   | Reached skill level 5 in Invocations
  5488 | Bailey   | Reached XP level 10. HP: 43/60 MP: 13/13
  5607 | Bailey   | Acquired a manual of Invocations
  5802 | D:7      | Identified the ring of Xomumamoys {rElec rC+ rCorr}
  5840 | D:7      | Reached skill level 5 in Armour
  5944 | D:7      | Reached skill level 10 in Maces & Flails
  6501 | D:8      | Reached XP level 11. HP: 60/66 MP: 14/16
  6510 | D:8      | Found a staircase to the Lair.
  6758 | D:8      | Found an ornate altar of the Wu Jian Council.
  6761 | D:8      | Found an ancient bone altar of Kikubaaqudgha.
  7380 | Lair:1   | Entered Level 1 of the Lair of Beasts
  8046 | Lair:1   | Reached *** piety under Zin
  8047 | Lair:1   | Acquired a manual of Armour
  8049 | Lair:1   | Acquired the +1 pair of gloves "Nasarueb" {rC+ Str+3}
  8062 | Lair:1   | Acquired 755 gold pieces
  8063 | Lair:1   | Reached **** piety under Zin
  8154 | D:7      | Bought a +0 lajatang of flaming for 377 gold pieces
  8489 | Lair:2   | Reached XP level 12. HP: 51/73 MP: 18/18
  8687 | Lair:2   | Noticed a death yak
  8687 | Lair:2   | Noticed a death yak
  8699 | Lair:2   | Noticed a death yak
  8700 | Lair:2   | Killed a death yak
  8704 | Lair:2   | Noticed a death yak
  8707 | Lair:2   | Killed a death yak
  8707 | Lair:2   | Noticed a death yak
  8711 | Lair:2   | Killed a death yak
  8716 | Lair:2   | Killed a death yak
  8719 | Lair:2   | Killed a death yak
  8720 | Lair:2   | Reached skill level 10 in Invocations
  8974 | Lair:2   | Found a hole to the Spider Nest.
  9155 | Lair:2   | Noticed a boulder beetle
  9164 | Lair:2   | Killed a boulder beetle
  9745 | Lair:2   | Reached skill level 10 in Armour
  9849 | Lair:3   | Noticed a skyshark
  9858 | Lair:3   | Killed a skyshark
  9859 | Lair:3   | Reached XP level 13. HP: 72/80 MP: 21/21
 10134 | Lair:3   | Found a dark tunnel.
 10142 | Volcano  | Entered a volcano
 10161 | Volcano  | Reached skill level 15 in Maces & Flails
 10367 | Volcano  | Reached ***** piety under Zin
 10385 | Volcano  | Identified the +1 pair of boots of the Okapi {rC+++ Will+
                  | Str-3 Int-4}
 10842 | Lair:3   | You fall into a shaft and drop 1 floor!
 11500 | Lair:3   | Found a staircase to the Swamp.
 11582 | Lair:4   | Found a viscous altar of Jiyva.
 11582 | Lair:4   | Found a staircase to the Slime Pits.
 11890 | Lair:4   | Reached skill level 10 in Fighting
 12276 | Lair:5   | Entered Level 5 of the Lair of Beasts
 12297 | Lair:5   | Gained mutation: Your large and strong wings let you fly.
                  | [Gargoyle growth]
 12297 | Lair:5   | Reached XP level 14. HP: 55/88 MP: 24/24
 12358 | Lair:5   | Reached skill level 10 in Staves
 12420 | Lair:5   | Found a gate leading to a gauntlet.
 12430 | Gauntlet | Entered a Gauntlet
 12430 | Gauntlet | Found a transporter.
 12430 | Gauntlet | Found a transporter.
 12694 | Gauntlet | Found a transporter.
 12694 | Gauntlet | Found a transporter.
 12731 | Gauntlet | Found a transporter.
 12741 | Gauntlet | Found a transporter.
 12757 | Gauntlet | Found a transporter.
 12769 | Gauntlet | Found a transporter.
 12893 | Gauntlet | Found a transporter.
 12897 | Gauntlet | Found a transporter.
 12903 | Gauntlet | Found a transporter.
 12903 | Gauntlet | Found a transporter.
 12914 | Gauntlet | Found a transporter.
 12981 | Gauntlet | Found a transporter.
 12993 | Gauntlet | Found a transporter.
 13013 | Gauntlet | Found a transporter.
 13363 | Gauntlet | Identified the +1 hat of Free Expression {Str+3 Int+4
                  | Dex+3}
 13448 | Gauntlet | Identified the ring of Immorality {Str+6 Int+4}
 13509 | Gauntlet | Identified the +0 hat "Ubeanat" {Will+ rCorr}
 13525 | Gauntlet | Identified the +8 falchion "Zaepp" {freeze, rPois MP-9
                  | Int+3}
 13539 | Gauntlet | Identified the staff of earth "Waisk" {Will+ Str+3 Int+3
                  | SInv}
 13554 | Gauntlet | Identified the staff of fire "Ymum" {+Blink rF+ Str-4 Int+4
                  | Dex+2}
 13632 | Lair:5   | Reached ****** piety under Zin
 13734 | Lair:5   | Reached skill level 15 in Armour
 13767 | Lair:5   | Found a runed translucent door.
 14082 | Lair:5   | Identified the +6 chain mail of the Bursted God {rC- rN+
                  | Dex+6}
 15363 | D:9      | Identified the ring of Spite {rPois rCorr Dex+3}
 15510 | D:9      | Found a sacrificial altar of Ru.
 15657 | D:9      | Found a white marble altar of Elyvilon.
 16123 | D:9      | Reached skill level 15 in Invocations
 16287 | D:10     | Entered Level 10 of the Dungeon
 16336 | D:10     | Noticed Fannar
 16344 | D:10     | Killed Fannar
 16534 | D:10     | Reached XP level 15. HP: 96/96 MP: 21/26
 16731 | D:10     | Found a staircase to the Orcish Mines.
 17121 | Orc:1    | Entered Level 1 of the Orcish Mines
 17297 | Orc:1    | Noticed an orc warlord
 17314 | Orc:1    | Killed an orc warlord
 17664 | Orc:2    | Entered Level 2 of the Orcish Mines
 18004 | Orc:2    | Noticed an orc warlord
 18018 | Orc:2    | Killed an orc warlord
 18138 | Orc:2    | Found a staircase to the Elven Halls.
 18474 | Orc:2    | Found Weutim's Antique Weapon Boutique.
 18474 | Orc:2    | Found Plog's Magic Scroll Shop.
 18474 | Orc:2    | Found Rorat's Assorted Antiques.
 18543 | Orc:2    | Found Byenefee's Antique Armour Boutique.
 18552 | Orc:2    | Bought a scroll of teleportation for 66 gold pieces
 18552 | Orc:2    | Bought a scroll of identify for 44 gold pieces
 18552 | Orc:2    | Bought a scroll of identify for 44 gold pieces
 18552 | Orc:2    | Bought a purple potion for 19 gold pieces
 18557 | Orc:2    | Bought a scroll of poison for 88 gold pieces
 18558 | Orc:2    | Bought a scroll of fear for 52 gold pieces
 18558 | Orc:2    | Bought a scroll of magic mapping for 97 gold pieces
 18558 | Orc:2    | Bought 3 scrolls of identify for 78 gold pieces
 18561 | Orc:2    | Bought a glowing plate armour for 806 gold pieces
 19445 | D:11     | Found a runed translucent gate.
 19446 | D:11     | Found a runed translucent gate.
 19447 | D:11     | Found a runed translucent gate.
 19457 | D:11     | Found a viscous altar of Jiyva.
 19457 | D:11     | Noticed TrollFarmer's ghost (journeyman MiFi)
 20073 | D:12     | Found a frozen archway.
 20097 | IceCv    | Entered an ice cave
 20620 | IceCv    | Identified the ring of Eniammecs {rC- Will++ rCorr Int+6}
 20772 | IceCv    | Identified the ring "Luevonax" {rC+ Str-4 Dex+3 Stlth+}
 21054 | D:12     | Noticed Lodul
 21063 | D:12     | Killed Lodul
 21295 | D:12     | Noticed Azrael
 21309 | D:12     | Killed Azrael
 21560 | D:12     | Noticed Psyche
 21564 | D:12     | Killed Psyche
 22185 | D:13     | Identified the +1 ring mail of Wiroy {rC+}
 22186 | D:13     | Identified the ring "Oskij" {rPois Will+ Str-2 Int+3 Dex+3}
 22817 | D:14     | Found a gate to the Vaults.
 22821 | D:14     | Reached XP level 16. HP: 103/107 MP: 25/28
 23926 | D:15     | Entered Level 15 of the Dungeon
 24388 | D:15     | Reached skill level 15 in Fighting
 24647 | D:15     | Identified the +4 scale mail of the Pits of Slime {rF+
                  | Str-3 Int+3 Stlth+}
 24781 | D:15     | Reached skill level 5 in Throwing
 24981 | D:15     | Found a staircase to the Depths.
 25372 | Swamp:1  | Entered Level 1 of the Swamp
 25549 | Swamp:1  | Slain by a seven-headed hydra

Illustrated notes

Levels and vault maps discovered:
D:1:      giann_forest_graveyard, layout_basic
D:2:      layout_basic, uniq_natasha
D:3:      layout_loops_corners, mainiacjoe_overflow_six_doors_small
D:4:      layout_gridville, mainiacjoe_overflow_boulevard,
          minmay_misc_feat_rows, hex_tiny, kennysheep_cross_room
D:5:      layout_loops_ring, nicolae_dithmenos_shadow_blocks, uniq_duvessa,
          uniq_edmund, uniq_crazy_yiuf_cottage
D:6:      layout_loops_cross, minmay_temple_entry_overgrown
D:7:      kennysheep_windowed_halls, layout_basic, enter_bailey_8,
          grunt_ministairs_1, doesnt_shop_hydraphobe
D:8:      layout_loops_ring, nicolae_overflow_squiral,
          due_lair_maze_entry_diamond, grunt_ogre_cave
D:9:      layout_roguey [special_room_orc], mainiacjoe_overflow_alcove_4,
          elyvilon_altar_4
D:10:     layout_roguey, david_orc_2, uniq_fannar
D:11:     layout_small_grid, gammafunk_ghost_ooze
D:12:     layout_roguey, serial_ice, serial_ice_m, serial_ice_o, serial_ice_a,
          serial_ice_h, serial_ice_j, serial_ice_d, serial_ice_f, serial_ice_b,
          portal_ice_cave_demonic_guard, uniq_lodul, uniq_azrael, uniq_psyche
D:13:     statuecave_lemuel, layout_cave_pools
D:14:     layout_roguey, erik_vaults_1, reono_crystal_passage,
          lemuel_flamethrower_2
D:15:     grunt_enter_depths_hoard, layout_stronghold, minmay_misc_feat_square
Lair:1:   layout_chaotic_city, evilmike_ambush [evilmike_ambush_outer_pillars,
          evilmike_ambush_inner_wall_1]
Lair:2:   layout_chaotic_city, nicolae_spider_entry_lesser_pyramids,
          beast_lair_carwin_5, infiniplex_staircase_pool, serial_bayou_shore_a
Lair:3:   layout_chaotic_city, palyth_hydra_swamp_entry,
          nicolae_volcano_entry_vermiform, chequers_serial_rivers_marsh
Lair:4:   layout_long_grid, nicolae_slime_entry_slimehenge
Lair:5:   wormcave, layout_regular_city, gauntlet_entry_generic, st_stairs_3,
          serial_bayou_pond_d, grunt_megastairs_1, infiniplex_staircase_pool_2
Swamp:1:  layout_basic_swamp, evilmike_swamp_ruin_house_4
Orc:1:    layout_diamond_mine
Orc:2:    st_orc_mages, layout_caves

Skill      XL: |  1  2  3  4  5  6  7  8  9 10 11 12 13 14 15 16 |
---------------+-------------------------------------------------+-----
Staves         | 4 5 7 8 9 10 | 10.5
Armour         | 1 2 3 4 5 6 10 13 16 17 | 17.7
Fighting       | 3 4 5 6 7 9 10 12 14 15 | 15.2
Invocations    | 1 2 4 5 6 9 11 13 15 16 17 | 17.3
Dodging        | 3 |  3.8
Maces & Flails | 4 8 11 13 14 15 | 15.7
Stealth        | 1 2 |  2.1
Throwing       | 4 5 |  5.1

Action                     |  1- 3 |  4- 6 |  7- 9 | 10-12 | 13-15 | 16-18 || total
---------------------------+-------+-------+-------+-------+-------+-------++-------
  Melee: Quarterstaff      |    81 |   113 |    31 |       |       |       ||   225
         Morningstar       |       |       |   120 |   329 |  1004 |   157 ||  1610
         Punch             |       |       |     1 |     3 |    18 |     2 ||    24
         Lajatang          |       |       |       |       |    20 |       ||    20
  Throw: Throwing net      |       |     1 |       |     1 |       |     1 ||     3
         Dart              |       |       |     1 |       |       |       ||     1
         Javelin           |       |       |       |     1 |     4 |       ||     5
 Invoke: Recite            |       |       |     3 |     1 |    20 |     6 ||    30
         Donate Gold       |       |       |     1 |       |       |       ||     1
         Vitalisation      |       |       |       |       |     3 |       ||     3
    Use: Scroll            |     9 |     5 |     4 |    10 |    11 |     1 ||    40
         Potion            |       |     3 |     3 |     3 |     3 |       ||    12
   Stab: Paralysed         |       |       |       |       |    22 |     5 ||    27
         Confused          |       |       |       |       |     9 |     1 ||    10
         Invisible         |       |       |       |       |     4 |     1 ||     5
 Armour: Chain mail        |    46 |    43 |   101 |    72 |       |       ||   262
         Plate armour      |       |       |       |   102 |   586 |    95 ||   783
  Dodge: Dodged            |    30 |    43 |    80 |   111 |   313 |    59 ||   636
